2827 views
Uploaded 2020-03-01 01:10:54
Game version 1.32.2
27:45 long 1on1 ladder game on (2)TerenasStand_LV
Saved by Grim
2827 views
Uploaded 2020-03-01 01:10:54
Game version 1.32.2
27:45 long 1on1 ladder game on (2)TerenasStand_LV

53 units @ 9.3k
/ 1.7k
18 buildings @ 3k
/ 0.9k



| Rod of Necromancy | 4 | 600 |
| Orb of Corruption | 1 | 375 |
| Potion of Mana | 2 | 400 |
| Scroll of Healing | 2 | 500 |
| Potion of Lesser Invulnerability | 1 | 150 |
| Scroll of Protection | 1 | 150 |
| total: | 11 | 2175g |
| Acolyte | 9 | 675 | / | 0 |
| Ghoul | 6 | 720 | / | 0 |
| Crypt Fiend | 15 | 3225 | / | 600 |
| Obsidian Statue | 4 | 800 | / | 140 |
| Banshee | 9 | 1395 | / | 270 |
| Abomination | 9 | 2160 | / | 630 |
| Goblin Shredder | 1 | 375 | / | 100 |
| total: | 53 | 9350g | / | 1740w |
| Nerubian Tower | 1 | 100 | / | 20 |
| Spirit Tower | 1 | 145 | / | 40 |
| Altar of Darkness | 1 | 180 | / | 50 |
| Crypt | 1 | 200 | / | 50 |
| Ziggurat | 10 | 1500 | / | 500 |
| Graveyard | 1 | 215 | / | 0 |
| Tomb of Relics | 1 | 130 | / | 30 |
| Necropolis | 2 | 450 | / | 0 |
| Slaughterhouse | 1 | 140 | / | 135 |
| Temple of the Damned | 1 | 155 | / | 140 |
| Halls of the Dead | 4 | 1280 | / | 840 |
| Black Citadel | 1 | 325 | / | 230 |
| total: | 18 | 2970g | / | 905w |
| 0:01 | Acolyte |
| 0:08 | Altar of Darkness |
| 0:12 | Crypt |
| 0:16 | Acolyte |
| 0:34 | Ziggurat |
| 0:57 | Graveyard |
| 1:11 | Tomb of Relics |
| 1:22 | Ghoul |
| 1:35 | Ghoul |
| 1:49 | Ziggurat |
| 1:51 | Ziggurat |
| 2:22 | Death Coil |
| 2:23 | Rod of Necromancy |
| 2:25 | Crypt Fiend |
| 2:26 | Crypt Fiend |
| 2:57 | Crypt Fiend |
| 3:26 | Unholy Aura |
| 3:51 | Halls of the Dead |
| 3:51 | Halls of the Dead |
| 3:52 | Crypt Fiend |
| 4:10 | Rod of Necromancy |
| 4:30 | Crypt Fiend |
| 4:30 | Crypt Fiend |
| 4:31 | Crypt Fiend |
| 5:03 | Ghoul |
| 5:16 | Death Coil |
| 5:30 | Ziggurat |
| 5:32 | Ziggurat |
| 6:17 | Acolyte |
| 6:21 | Acolyte |
| 7:06 | Slaughterhouse |
| 7:15 | Ziggurat |
| 7:40 | Necropolis |
| 7:45 | Frost Nova |
| 7:46 | Rod of Necromancy |
| 8:24 | Obsidian Statue |
| 8:32 | Death Pact |
| 8:54 | Black Citadel |
| 9:03 | Obsidian Statue |
| 9:19 | Acolyte |
| 9:19 | Acolyte |
| 9:19 | Acolyte |
| 9:20 | Acolyte |
| 9:23 | Ziggurat |
| 9:34 | Burrow |
| 9:52 | Rod of Necromancy |
| 10:13 | Ziggurat |
| 10:15 | Nerubian Tower |
| 11:00 | Creature Attack |
| 11:04 | Frost Armor |
| 11:21 | Temple of the Damned |
| 11:29 | Spirit Tower |
| 11:31 | Ziggurat |
| 11:39 | Destroyer Form |
| 11:41 | Ghoul |
| 12:09 | Orb of Corruption |
| 12:16 | Carrion Swarm |
| 12:18 | Scroll of Healing |
| 12:27 | Banshee |
| 12:27 | Banshee Adept Training |
| 12:30 | Crypt Fiend |
| 12:32 | Creature Carapace |
| 12:43 | Ziggurat |
| 12:51 | Abomination |
| 13:42 | Obsidian Statue |
| 13:59 | Banshee Master Training |
| 13:59 | Banshee |
| 14:02 | Crypt Fiend |
| 14:11 | Goblin Shredder |
| 14:44 | Ghoul Frenzy |
| 14:57 | Unholy Armor |
| 15:03 | Abomination |
| 15:19 | Frost Nova |
| 15:27 | Crypt Fiend |
| 16:04 | Disease Cloud |
| 16:13 | Banshee |
| 16:40 | Potion of Lesser Invulnerability |
| 16:44 | Improved Creature Attack |
| 16:53 | Abomination |
| 16:56 | Improved Unholy Armor |
| 17:35 | Abomination |
| 17:36 | Crypt Fiend |
| 17:48 | Sleep |
| 18:20 | Abomination |
| 18:21 | Ghoul |
| 18:24 | Death Coil |
| 18:56 | Abomination |
| 18:59 | Carrion Swarm |
| 19:21 | Crypt Fiend |
| 19:26 | Ghoul |
| 19:28 | Advanced Creature Attack |
| 19:31 | Banshee |
| 19:31 | Banshee |
| 19:54 | Scroll of Healing |
| 19:55 | Scroll of Protection |
| 20:01 | Cannibalize |
| 20:03 | Banshee |
| 20:14 | Abomination |
| 20:33 | Crypt Fiend |
| 20:34 | Abomination |
| 21:13 | Dark Ritual |
| 21:26 | Crypt Fiend |
| 21:38 | Banshee |
| 22:59 | Potion of Mana |
| 23:01 | Potion of Mana |
| 23:11 | Advanced Unholy Armor |
| 24:25 | Animate Dead |
| 24:42 | Necropolis |
| 25:15 | Obsidian Statue |
| 25:45 | Crypt Fiend |
| 25:57 | Banshee |
| 26:16 | Acolyte |
| 26:31 | Banshee |
| 27:21 | Abomination |
| Right click | 2266 |
| Select group | 1886 |
| Select | 667 |
| Assign group | 555 |
| Build/train/purchase | 218 |
| Use ability | 113 |
| Chat | 34 |
| Misc. action | 14 |
| Item give/drop | 10 |
| Remove unit | 4 |
| Esc | 1 |
69 units @ 9.5k
/ 1.2k
31 buildings @ 2.9k
/ 1.3k



| Scroll of Regeneration | 4 | 400 |
| Staff of Sanctuary | 2 | 500 |
| Potion of Healing | 1 | 150 |
| Lesser Clarity Potion | 1 | 70 |
| Scroll of Town Portal | 4 | 1400 |
| Scroll of Healing | 1 | 250 |
| Potion of Lesser Invulnerability | 1 | 150 |
| total: | 14 | 2920g |
| Peasant | 23 | 1725 | / | 0 |
| Footman | 13 | 1755 | / | 0 |
| Priest | 7 | 945 | / | 70 |
| Knight | 14 | 3430 | / | 840 |
| Flying Machine | 8 | 800 | / | 240 |
| Rifleman | 3 | 615 | / | 90 |
| Forest Troll Shadow Priest | 1 | 195 | / | 10 |
| total: | 69 | 9465g | / | 1250w |
| Scout Tower | 10 | 300 | / | 200 |
| Arcane Tower | 3 | 210 | / | 150 |
| Guard Tower | 3 | 210 | / | 150 |
| Altar of Kings | 1 | 180 | / | 50 |
| Farm | 11 | 880 | / | 220 |
| Barracks | 2 | 320 | / | 120 |
| Town Hall | 1 | 385 | / | 205 |
| Arcane Vault | 1 | 130 | / | 30 |
| Lumber Mill | 1 | 120 | / | 0 |
| Blacksmith | 1 | 140 | / | 60 |
| Workshop | 1 | 140 | / | 140 |
| Arcane Sanctum | 2 | 300 | / | 280 |
| Keep | 1 | 320 | / | 210 |
| Castle | 1 | 360 | / | 210 |
| total: | 31 | 2895g | / | 1305w |
| 0:01 | Peasant |
| 0:06 | Altar of Kings |
| 0:09 | Peasant |
| 0:19 | Farm |
| 0:23 | Barracks |
| 0:26 | Peasant |
| 0:38 | Peasant |
| 0:48 | Farm |
| 1:01 | Peasant |
| 1:09 | Peasant |
| 1:25 | Footman |
| 1:31 | Peasant |
| 1:33 | Farm |
| 1:38 | Peasant |
| 1:43 | Footman |
| 1:43 | Footman |
| 1:43 | Footman |
| 1:50 | Peasant |
| 1:50 | Peasant |
| 1:50 | Peasant |
| 1:50 | Peasant |
| 2:04 | Footman |
| 2:14 | Scout Tower |
| 2:17 | Summon Water Elemental |
| 2:27 | Footman |
| 2:30 | Farm |
| 2:49 | Arcane Tower |
| 2:50 | Peasant |
| 2:50 | Peasant |
| 2:50 | Peasant |
| 2:50 | Peasant |
| 2:50 | Peasant |
| 2:50 | Peasant |
| 2:56 | Farm |
| 3:11 | Brilliance Aura |
| 3:14 | Footman |
| 3:19 | Peasant |
| 3:47 | Peasant |
| 3:47 | Peasant |
| 3:47 | Peasant |
| 3:48 | Peasant |
| 3:57 | Summon Water Elemental |
| 4:11 | Town Hall |
| 4:16 | Scout Tower |
| 4:24 | Footman |
| 4:44 | Arcane Vault |
| 5:04 | Defend |
| 5:20 | Arcane Tower |
| 6:12 | Scroll of Regeneration |
| 6:25 | Keep |
| 6:36 | Footman |
| 6:36 | Footman |
| 6:38 | Scout Tower |
| 6:40 | Lumber Mill |
| 6:44 | Blacksmith |
| 6:47 | Scout Tower |
| 6:56 | Forest Troll Shadow Priest |
| 7:15 | Farm |
| 7:20 | Scroll of Regeneration |
| 8:46 | Castle |
| 8:53 | Workshop |
| 9:00 | Footman |
| 9:00 | Footman |
| 9:21 | Arcane Sanctum |
| 9:26 | Barracks |
| 9:28 | Farm |
| 9:30 | Farm |
| 9:32 | Farm |
| 9:39 | Footman |
| 9:41 | Scroll of Regeneration |
| 9:50 | Scroll of Town Portal |
| 9:57 | Storm Bolt |
| 10:01 | Guard Tower |
| 10:03 | Scout Tower |
| 10:05 | Scout Tower |
| 10:32 | Flak Cannons |
| 10:47 | Priest Adept Training |
| 10:49 | Priest |
| 11:13 | Animal War Training |
| 11:15 | Knight |
| 11:17 | Improved Lumber Harvesting |
| 11:22 | Bash |
| 11:45 | Priest |
| 11:46 | Flying Machine |
| 11:46 | Flying Machine |
| 11:46 | Flying Machine |
| 11:59 | Knight |
| 12:01 | Farm |
| 12:04 | Farm |
| 12:08 | Brilliance Aura |
| 12:11 | Sundering Blades |
| 12:13 | Flying Machine |
| 12:25 | Holy Light |
| 12:38 | Knight |
| 12:40 | Flying Machine |
| 12:41 | Flying Machine |
| 13:46 | Knight |
| 13:58 | Potion of Lesser Invulnerability |
| 14:23 | Staff of Sanctuary |
| 14:24 | Scroll of Town Portal |
| 14:36 | Iron Forged Swords |
| 14:36 | Iron Plating |
| 14:57 | Potion of Healing |
| 15:04 | Priest Master Training |
| 15:04 | Priest |
| 15:07 | Arcane Sanctum |
| 15:15 | Storm Bolt |
| 15:53 | Rifleman |
| 15:53 | Long Rifles |
| 16:11 | Steel Forged Swords |
| 16:19 | Priest |
| 16:25 | Rifleman |
| 16:26 | Priest |
| 16:43 | Rifleman |
| 16:47 | Steel Plating |
| 16:56 | Scout Tower |
| 16:58 | Scout Tower |
| 16:59 | Scout Tower |
| 17:00 | Scout Tower |
| 17:32 | Scroll of Healing |
| 18:25 | Knight |
| 18:26 | Knight |
| 19:06 | Knight |
| 19:10 | Sorceress Adept Training |
| 19:11 | Priest |
| 19:14 | Guard Tower |
| 19:18 | Guard Tower |
| 19:27 | Scroll of Regeneration |
| 19:34 | Lesser Clarity Potion |
| 19:37 | Staff of Sanctuary |
| 19:40 | Scroll of Town Portal |
| 19:52 | Arcane Tower |
| 20:01 | Devotion Aura |
| 20:05 | Summon Water Elemental |
| 20:07 | Knight |
| 20:10 | Flying Machine |
| 20:10 | Flying Machine |
| 20:58 | Bash |
| 21:46 | Knight |
| 22:18 | Knight |
| 22:33 | Scroll of Town Portal |
| 22:44 | Knight |
| 24:25 | Knight |
| 24:59 | Knight |
| 25:29 | Priest |
| 26:09 | Knight |
| Select group | 2168 |
| Right click | 1464 |
| Select | 990 |
| Misc. action | 297 |
| Build/train/purchase | 249 |
| Assign group | 180 |
| Use ability | 68 |
| Item give/drop | 11 |
| Esc | 9 |
| Chat | 4 |
⇛